 Dungeon Crawl Stone Soup version bcrawl-1.12-11-gb93c957c58 (webtiles) character file.

Game seed: 16023897597101940541

8166 voshxx the Cleaver (level 11, -5/95 HPs)
             Began as a Minotaur Fighter on July 2, 2019.
             Was a Believer of Yredelemnul.
             Slain by a two-headed ogre
             ... wielding a +0 giant club
              (20 damage)
             ... on level 9 of the Dungeon.
             The game lasted 00:14:39 (10285 turns).

voshxx the Cleaver (Minotaur Fighter)              Turns: 10285, Time: 00:14:40

Health: -5/95      AC: 13    Str: 28    XL:     11   Next: 6%
Magic:  10/10      EV:  9    Int:  5    God:    Yredelemnul [**....]
Gold:   588        SH: 15    Dex: 11    Spells: 10/10 levels left

rFire    . . .     SeeInvis .   S - +0 broad axe
rCold    . . .     Gourm    .   G - +2 shield
rNeg     + . .     Faith    .   b - +0 scale mail
rPois    .         Spirit   .   (helmet restricted)
rElec    +         Reflect  .   O - +0 cloak
rCorr    .         Harm     .   N - +2 pair of gloves
MR       .....                  (no boots)
Stlth    ..........             (no amulet)
HPRegen  0.25/turn              I - ring of insulation
MPRegen  0.12/turn              B - ring of positive energy

@: mighty
A: retaliatory headbutt, horns 2
a: Animate Remains, Recall Undead Slaves, Injury Mirror, Renounce Religion


You were on level 9 of the Dungeon.
You worshipped Yredelemnul.
Yredelemnul was pleased with you.
You were not hungry.

You visited 2 branches of the dungeon, and saw 10 of its levels.
You also visited: Ossuary.

You collected 638 gold pieces.
You spent 50 gold pieces at shops.

Inventory:

Hand Weapons
 a - a +0 war axe
 S - a +0 broad axe (weapon)
Armour
 b - a +0 scale mail (worn)
 c - a +0 shield
 o - a +0 large shield
 G - a +2 shield (worn)
 L - a +1 helmet
 N - a +2 pair of gloves (worn)
 O - a +0 cloak (worn)
Jewellery
 n - an uncursed ring of wizardry
 r - a cursed -3 ring of slaying
 t - a cursed ring of teleportation
 x - an uncursed ring of wizardry
 B - a ring of positive energy (right hand)
 I - a ring of insulation (left hand)
Wands
 m - a wand of polymorph (5)
 z - a wand of scattershot (6)
 A - a wand of iceblast (11)
 J - a wand of paralysis (3)
 Q - a wand of disintegration (11)
 R - a wand of enslavement (2)
Scrolls
 e - 2 scrolls of fear {unknown}
 g - 10 scrolls of identify
 h - 6 scrolls of remove curse {unknown}
 j - 6 scrolls of teleportation {unknown}
 k - 2 scrolls of immolation {unknown}
 l - 2 scrolls of magic mapping {unknown}
 s - 3 scrolls of blinking {unknown}
 v - 2 scrolls of fog {unknown}
 y - a scroll of noise {unknown}
 K - a scroll of enchant weapon {unknown}
 M - a scroll of amnesia {unknown}
Potions
 d - a potion of might
 i - 2 potions of resistance
 p - 3 potions of heal wounds
 q - 2 potions of lignification {unknown}
 u - 6 potions of curing
 w - a potion of degeneration {unknown}
 C - a potion of agility {unknown}
 D - 3 potions of mutation {unknown}
 E - 3 potions of haste {unknown}
 F - a potion of ambrosia {unknown}
 H - 2 potions of flight {unknown}
 P - a potion of invisibility {unknown}
Comestibles
 f - 13 rations {!d}
 T - 4 chunks of flesh


   Skills:
 + Level 8.8 Fighting
 + Level 13.0 Axes
 + Level 10.0 Armour
 + Level 10.5 Shields
 + Level 0.4 Unarmed Combat
 + Level 0.1 Evocations


You had 10 spell levels left.
You didn't know any spells.
Your spell library was empty.

Dungeon Overview and Level Annotations

Branches:
Dungeon (9/12)             Temple (1/1) D:6            Lair (0/6) D:9
    Orc: D:8-11

Altars:
Ashenzari
Cheibriados
Dithmenos
Elyvilon
Fedhas
Gozag
Hepliaklqana
Kikubaaqudgha
Lugonu
Makhleb
Nemelex Xobeh
Okawaru
Qazlal
Ru
Sif Muna
Trog
Uskayaw
Vehumet
Wu Jian
Xom
Yredelemnul
Zin
The Shining One

Shops:
D:4 !   D:6 %   D:7 *


Innate Abilities, Weirdness & Mutations

You reflexively headbutt those who attack you in melee.
You have a pair of horns on your head.


Message History

You hit the ogre.
The ogre is heavily wounded.
You slash the two-headed ogre! You barely miss the orc.
The two-headed ogre closely misses you.
The two-headed ogre hits you with a +0 giant club!!
* * * LOW HITPOINT WARNING * * *
The orc warrior hits you from afar with a +0 glaive!
* * * LOW HITPOINT WARNING * * *
The orc hits you but does no damage.
Unknown command.
You slash the ogre! You headbutt the ogre.
You kill the ogre!
Yredelemnul accepts your kill.
Your Axes skill increases to level 13!
You barely miss the two-headed ogre. You barely miss the orc.
You block the orc's attack.
The two-headed ogre hits you but does no damage.
The two-headed ogre hits you with a +0 giant club!!
You die...
Your body rises from the dead as a mindless zombie.

...............#####.
...##............#...
...................#
........รท..[...#...##
..............##....##
.............[##...#.#
.............#.#....#.##
.............##o.O......
.....#........o.@.......
................)###....
..............##..... ##
........#...####....#
............# #...##
............. .....#
.........).... ..#...#
.......#.....#........
#............


You could see a two-headed ogre, an orc warrior and an orc.

Vanquished Creatures
  Erolcha (D:8)
  Erica (D:9)
  Joseph (D:9)
  3 trolls
  Prince Ribbit (D:9)
  2 hippogriffs
  6 yaks (D:7)
  A hog (D:4)
  A hungry ghost (D:6)
  A human (D:4)
  Menkaure (Ossuary)
  3 vampire mosquitoes (D:8)
  2 black bears
  2 sky beasts
  An ice beast (D:7)
  A phantom (D:6)
  2 ogres (D:9)
  A wolf (D:8)
  3 centaurs
  A crocodile (D:8)
  2 bullfrogs
  A wyvern zombie (D:8)
  3 scorpions
  4 wights (D:8)
  3 killer bees (D:7)
  2 howler monkeys
  An electric eel (D:9)
  2 crimson imps
  A bullfrog zombie (D:5)
  2 quasits
  7 hounds
  2 jellies (D:6)
  6 orc wizards
  A bullfrog skeleton (D:4)
  4 orc priests
  3 centaur skeletons
  Ijyb (D:3)
  6 iguanas
  6 worker ants
  A hound zombie (D:8)
  2 mummies (Ossuary)
  A worker ant zombie (D:5)
  3 gnolls (D:3)
  11 adders
  2 shadow imps (D:7)
  An ooze (D:2)
  An adder skeleton (D:3)
  An adder zombie (D:7)
  6 worms
  3 dart slugs
  3 leopard geckos
  26 orcs
  7 bats
  3 giant cockroaches
  11 hobgoblins
  5 jackals
  11 kobolds
  3 quokkas
  7 ball pythons
  4 frilled lizards
  4 gnoll skeletons (Ossuary)
  A gnoll zombie (Ossuary)
  3 goblin skeletons (Ossuary)
  2 goblin zombies
  A hobgoblin skeleton (Ossuary)
  2 hobgoblin zombies (Ossuary)
  3 kobold skeletons (Ossuary)
  3 kobold zombies (Ossuary)
  An orc zombie (Ossuary)
  3 quokka skeletons
  6 rats
  2 rat skeletons (Ossuary)
  5 rat zombies
240 creatures vanquished.

Vanquished Creatures (others)
  A mummy (Ossuary)
  2 goblin skeletons (Ossuary)
  2 hobgoblin skeletons (Ossuary)
  4 hobgoblin zombies (Ossuary)
  3 kobold skeletons (Ossuary)
  3 kobold zombies (Ossuary)
  An orc skeleton (Ossuary)
  3 orc zombies (Ossuary)
  4 rat skeletons (Ossuary)
  3 rat zombies (Ossuary)
26 creatures vanquished.

Grand Total: 266 creatures vanquished

Notes
Turn   | Place    | Note
-------+----------+-------------------------------------------
     0 | D:1      | voshxx the Minotaur Fighter began the quest for the Orb.
     0 | D:1      | Reached XP level 1. HP: 19/19 MP: 0/0
   135 | D:1      | Reached XP level 2. HP: 18/27 MP: 1/1
   492 | D:1      | Reached XP level 3. HP: 29/33 MP: 2/2
   605 | D:2      | Reached skill level 3 in Axes
   907 | D:2      | Reached XP level 4. HP: 40/40 MP: 3/3
  1153 | D:2      | Found an opulent altar of Gozag.
  1615 | D:3      | Noticed Ijyb
  1627 | D:3      | Killed Ijyb
  1627 | D:3      | Reached skill level 4 in Axes
  1656 | D:3      | Reached XP level 5. HP: 40/47 MP: 4/4
  2119 | D:3      | Reached skill level 5 in Axes
  2119 | D:3      | Reached skill level 5 in Armour
  2119 | D:3      | Reached skill level 5 in Shields
  2119 | D:3      | Reached XP level 6. HP: 51/53 MP: 5/5
  2518 | D:4      | Noticed a sky beast
  2548 | D:4      | Noticed a human
  2555 | D:4      | Killed a human
  2973 | D:4      | Noticed a sky beast
  3000 | D:4      | Noticed a hog
  3004 | D:4      | Killed a hog
  3004 | D:4      | Reached skill level 5 in Fighting
  3004 | D:4      | Reached skill level 6 in Axes
  3004 | D:4      | Reached XP level 7. HP: 27/61 MP: 6/6
  3174 | D:4      | Found a white marble altar of Elyvilon.
  3174 | D:4      | Found a shadowy altar of Dithmenos.
  3174 | D:4      | Found a radiant altar of Vehumet.
  3722 | D:4      | Found Huhaca's Distillery.
  3727 | D:4      | Bought a potion of heal wounds for 50 gold pieces
  4059 | D:5      | Entered Level 5 of the Dungeon
  4530 | D:6      | Noticed a hungry ghost
  4543 | D:6      | Killed a hungry ghost
  4543 | D:6      | Reached skill level 7 in Axes
  4543 | D:6      | Reached XP level 8. HP: 61/69 MP: 7/7
  4568 | D:6      | Found a sand-covered staircase.
  4583 | Ossuary  | Entered an ossuary
  4809 | Ossuary  | Noticed Menkaure
  4814 | Ossuary  | Killed Menkaure
  4996 | D:6      | Reached skill level 8 in Axes
  5034 | D:6      | Found Houvosch's Food Emporium.
  5339 | D:6      | Found a staircase to the Ecumenical Temple.
  5522 | Temple   | Entered the Ecumenical Temple
  5757 | Temple   | Became a worshipper of Yredelemnul the Dark
  5944 | D:6      | Found a corrupted altar of Lugonu.
  6215 | D:7      | Found Zomainim's Assorted Antiques.
  6232 | D:7      | Noticed a troll
  6243 | D:7      | Killed a troll
  6243 | D:7      | Reached skill level 9 in Axes
  6243 | D:7      | Reached XP level 9. HP: 12/77 MP: 8/8
  6637 | D:7      | Reached skill level 10 in Axes
  7232 | D:7      | Reached * piety under Yredelemnul
  7252 | D:7      | Reached skill level 11 in Axes
  7360 | D:7      | Reached XP level 10. HP: 67/86 MP: 9/9
  8380 | D:8      | Reached ** piety under Yredelemnul
  9078 | D:8      | Reached skill level 12 in Axes
  9300 | D:9      | Noticed Erolcha
  9302 | D:9      | Noticed Erica
  9487 | D:9      | Noticed Joseph
  9509 | D:9      | Killed Joseph
  9521 | D:9      | Reached skill level 10 in Shields
  9946 | D:9      | Killed Erica
 10092 | D:9      | Noticed Prince Ribbit
 10107 | D:9      | Killed Prince Ribbit
 10229 | D:9      | Found a staircase to the Lair.
 10239 | D:9      | Noticed a two-headed ogre
 10274 | D:8      | Killed Erolcha
 10274 | D:8      | Reached skill level 10 in Armour
 10274 | D:8      | Reached XP level 11. HP: 74/95 MP: 10/10
 10285 | D:9      | Reached skill level 13 in Axes
 10285 | D:9      | Slain by a two-headed ogre

Skill      XL: |  1  2  3  4  5  6  7  8  9 10 11 |
---------------+----------------------------------+-----
Armour         | 4 5 6 7 8 10 | 10.0
Fighting       | 4 5 6 7 8 |  8.8
Shields        | 4 5 7 9 10 | 10.5
Axes           | 3 4 5 6 7 9 11 12 13 | 13.0
Unarmed Combat | |  0.4
Evocations     | |  0.1

Action                   |  1- 3 |  4- 6 |  7- 9 | 10-12 || total
-------------------------+-------+-------+-------+-------++-------
Melee: War axe           |   103 |   178 |   304 |   129 ||   714
       Headbutt          |    14 |    19 |    63 |    42 ||   138
       Unarmed           |       |     6 |       |       ||     6
       Broad axe         |       |       |       |    66 ||    66
Evoke: Wand              |       |     2 |       |       ||     2
  Use: Potion            |       |     1 |     1 |     2 ||     4
       Scroll            |       |       |     4 |     1 ||     5
 Stab: Distracted        |       |       |     1 |       ||     1
  Eat: Chunk             |       |     5 |     9 |     9 ||    23
       Ration            |       |       |     3 |       ||     3
Armor: Scale mail        |    44 |    70 |    82 |    57 ||   253
       Skin              |       |     2 |       |       ||     2
Dodge: Dodged            |    27 |    37 |    54 |    55 ||   173
Block: Shield            |    40 |    23 |    83 |   129 ||   275
       Large shield      |       |   104 |   138 |       ||   242
